 Dungeon Crawl Stone Soup version 0.27-a0-1188-g73eefd5def (webtiles) character file.

Game seed: 14330001479179667545

50 siradein the Vexing (level 3, -3/24 HPs)
             Began as a Vampire Enchanter on May 22, 2021.
             Slain by Natasha (6 damage)
             ... on level 2 of the Dungeon.
             The game lasted 00:05:02 (1729 turns).

siradein the Vexing (Vampire Enchanter)             Turns: 1729, Time: 00:05:02

Health: -3/24      AC:  4    Str:  7    XL:     3   Next: 55%
Magic:  3/6        EV: 12    Int: 17    God:
Gold:   75         SH:  0    Dex: 15    Spells: 3/6 levels left

rFire    . . .     SeeInvis +   a - +1 dagger
rCold    . . .     Faith    .   (no shield)
rNeg     . . .     Spirit   .   b - +0 robe
rPois    .         Reflect  .   (no helmet)
rElec    .         Harm     .   (no cloak)
rCorr    .         Rampage  .   h - +0 pair of gloves
Will     .....                  k - +0 pair of boots
Stlth    +++.......             (no amulet)
HPRegen  0.28/turn              (no ring)
MPRegen  0.10/turn              (no ring)

@: healing quickly
A: alive, fangs 3, see invisible, vampiric 2
a: Exsanguinate


You were on level 2 of the Dungeon.
You visited 1 branch of the dungeon, and saw 2 of its levels.

You collected 75 gold pieces.

Inventory:

Hand Weapons
 a - a +1 dagger (weapon)
Missiles
 g - 11 poisoned darts
Armour
 b - a +0 robe (worn)
 h - a +0 pair of gloves (worn)
 k - a +0 pair of boots (worn)
Scrolls
 d - a scroll of noise {unknown}
 e - 4 scrolls of teleportation {unknown}
 f - 2 scrolls of brand weapon {unknown}
 j - a scroll of torment {unknown}
 l - a scroll of identify {unknown}
Potions
 c - a potion of ambrosia {unknown}
 i - a potion of degeneration {unknown}


   Skills:
 + Level 3.9 Short Blades
 - Level 2.1 Dodging
 - Level 4.4 Stealth
 - Level 2.0 Spellcasting
 - Level 4.4 Hexes


You had 3 spell levels left.
You knew the following spells:

 Your Spells              Type           Power      Damage    Failure   Level
a - Corona                Hex            17%        N/A       3%          1
b - Ensorcelled Hibernat  Hex/Ice        18%        N/A       12%         2

Your spell library contained the following spells:

 Spells                   Type           Power      Damage    Failure   Level
 Confusing Touch          Hex            16%        N/A       10%         3
 Tukima's Dance           Hex            16%        N/A       10%         3
 Animate Skeleton         Necr           2%         N/A       19%         1
 Beastly Appendage        Tmut           2%         N/A       19%         1
 Pain                     Necr           4%         1d4       19%         1
 Dazzling Flash           Conj/Hex       18%        N/A       24%         3
 Wereblood                Tmut           1%         N/A       28%         2
 Spider Form              Tmut/Pois      0%         N/A       50%         3
 Vampiric Draining        Necr           0%         2d6       50%         3
 Animate Dead             Necr           0%         N/A       88%         4
 Ice Form                 Ice/Tmut       1%         N/A       88%         4
 Agony                    Necr           1%         N/A       99%         5
 Hydra Form               Tmut           0%         N/A       99%         5


Dungeon Overview and Level Annotations

Branches:
Dungeon (2/15)

Altars:

Annotations:
D:2 1 runed translucent door, Crazy Yiuf, Natasha


Innate Abilities, Weirdness & Mutations

Your natural rate of healing is accelerated.
You have razor-sharp teeth.
You have supernaturally acute eyesight. (SInv)
You are afflicted with vampirism and can become a bat while bloodless.


Message History

Natasha claws you.
You hit Natasha but do no damage. You closely miss Natasha. Natasha claws you.
Casting: Corona (safe; 3% risk of failure)
Confirm with . or Enter, or press ? or * to list all spells.
Aiming: Ensorcelled Hibernation (safe; 12% risk of failure)
Press: ? - help, Shift-Dir - straight line, f/p - Natasha
Aim: Natasha (chance to affect: 40%) Natasha resists with some effort.
Natasha barely misses you.
Aiming: Corona (safe; 3% risk of failure)
Press: ? - help, Q - select action, (/) - cycle Shift-Dir - straight line, f/p - Natasha
Aim: Natasha (chance to affect: 53%) Natasha is outlined in light.
Natasha claws you but does no damage.
You hit Natasha.
Natasha is moderately wounded.
Natasha misses you.
You hit Natasha but do no damage.
Natasha is moderately wounded.
Natasha claws you!
You hit Natasha but do no damage.
Natasha is moderately wounded.
Natasha misses you.
You hit Natasha but do no damage.
Natasha is moderately wounded.
You hit Natasha.
Natasha is moderately wounded.
Natasha mumbles some strange words.
You completely miss Natasha. You bite Natasha, but do no damage.
Natasha is moderately wounded.
Natasha stares at you and mumbles some strange words.
The magic dart hits you.
You hit Natasha.
Natasha is heavily wounded.
Natasha claws you!
* * * LOW HITPOINT WARNING * * *
You hit Natasha.
Natasha is heavily wounded.
Natasha claws you.
You die...

##.#.#.## #.#.#.#
#.....# ####.### .###.#
# .....# ... .##### #..#
## ##[...##########
...<.5h@.......###### #
.##.#....########......#
# #.#. #..# ######.# #
#.. ... #.# # #.. . ##.#
# #.# ##..# ######.#
#...# .....#.# ...
####.## .......# >.. .
#.(..###


You could see Natasha (corona) and a crimson imp (summoned).

Vanquished Creatures
  2 adders (D:2)
  A worm (D:2)
  A dart slug (D:2)
  A ball python (D:1)
  3 bats (D:1)
  3 endoplasms
  A giant cockroach (D:2)
  3 goblins
  2 hobgoblins
  3 quokkas
  2 kobolds (D:2)
  2 rats
24 creatures vanquished.

Notes
Turn   | Place    | Note
-------+----------+-------------------------------------------
     0 | D:1      | siradein the Vampire Enchanter began the quest for the Orb.
     0 | D:1      | Reached XP level 1. HP: 13/13 MP: 3/3
   255 | D:1      | Found a faded altar of an unknown god.
   499 | D:1      | Reached XP level 2. HP: 17/19 MP: 5/5
   513 | D:1      | Learned a level 2 spell: Ensorcelled Hibernation
  1167 | D:2      | Found a runed translucent door.
  1168 | D:2      | Noticed Crazy Yiuf
  1305 | D:2      | Gained mutation: You are afflicted with vampirism and can
                  | become a bat while bloodless. [Vampire growth]
  1305 | D:2      | Reached XP level 3. HP: 24/24 MP: 6/6
  1713 | D:2      | Noticed Natasha
  1729 | D:2      | Slain by Natasha

Illustrated notes

Levels and vault maps discovered:
D:1:      sevenhm_arrival_forest_fort_small_5, layout_loops_ring,
          shapermc_ecumenical_altar_venn, minivault_5, serial_park_tiny_2,
          minmay_3d_cube
D:2:      layout_loops_cross, minmay_misc_feat_ornament, uniq_natasha,
          uniq_crazy_yiuf_cottage

Skill      XL: |  1  2 |
---------------+-------+-----
Short Blades   | 2 3 |  3.9
Dodging        | |  2.1
Stealth        | |  4.4
Spellcasting   | |  2.0
Hexes          | |  4.4

Action                   || total
-------------------------++-------
Melee: Dagger            ||   105
       Bite              ||     6
 Cast: Corona            ||    12
       Ensorcelled Hiber ||     9
 Stab: Sleeping          ||     8
Armor: Robe              ||    18
Dodge: Dodged            ||    58

Table legend: (Time is in decaauts)
 A = Elapsed time spent in this place.
 B = Non-inter-level travel time spent in this place.
 C = Inter-level travel time spent in this place.
 D = Time resting spent in this place.
 E = Time spent auto-exploring this place.
 F = Levels seen in this place.
 G = Mean time per level.
                   A        B        C        D        E       F      G
               +--------+--------+--------+--------+--------+-----+--------+
         Total |   1716 |   1578 |    138 |      7 |   1302 |   2 |  858.0 |
       Dungeon |   1716 |   1578 |    138 |      7 |   1302 |   2 |  858.0 |
               +--------+--------+--------+--------+--------+-----+--------+

Top non-repeatable levels by time:
     D:1: 1024 daAuts
     D:2: 692 daAuts
